Map: Polka LE

Players

Bugsy - Winner!

  • Race: Zerg Zerg
  • League: Diamond
  • Spawn Location: 5:00

Awesomest - Winner!

  • Race: Zerg Zerg
  • Spawn Location: 5:00

flyrev

  • Race: Terran Terran
  • Spawn Location: 11:00

ForeverNoob

  • Race: Zerg Zerg
  • League: Platinum
  • Spawn Location: 11:00

VOD

Have the link to the VOD?

Description

Time

  • Played on: Nov. 28, 2020, 12:28 p.m.
  • Length: 18:39
Show
View Real Time Build Order
Export as new Build Order

Bugsy Zerg - Winner!

Build Orders: Pool First, Brood Lord Corruptor 

Get SALT Encoding   

  12  0:01  Drone  
  13  0:13  Drone  
  14  0:16  Overlord  
  14  0:24  Extractor  
  14  0:26  Drone  
  14  0:27  Extractor  
  14  0:30  Drone, Extractor  
  16  0:44  Spawning Pool  
  16  0:49  Drone  
  16  0:53  Drone  
  17  1:13  Hatchery  
  17  1:17  Drone  
  17  1:18  Extractor  
  16  1:20  Drone  
  17  1:30  Queen  
  19  1:36  Zergling x2  
  19  1:39  Drone  
  21  1:45  Overlord  
  21  1:59  Drone  
  22  2:10  Queen  
  24  2:16  Spine Crawler, Drone  
  24  2:27  Queen  
  25  2:30  Spine Crawler  
  24  2:46  Drone x3  
  24  2:47  Drone x3  
  24  2:50  Drone  
  31  3:09  Queen x2  
  35  3:16  Overlord  
  35  3:18  Overlord  
  35  3:27  Drone  
  36  3:34  Drone x2  
  38  3:42  Spine Crawler, Drone x4  
  38  3:43  Drone x2  
  38  3:45  Drone  
  44  3:56  Lair  
  44  3:58  Extractor  
  44  4:00  Extractor  
  44  4:01  Spore Crawler  
  41  4:07  Spore Crawler, Drone x2  
  41  4:08  Drone x2  
  44  4:10  Drone  
  44  4:15  Drone  
  46  4:19  Drone  
  46  4:20  Drone x3  
  50  4:25  Drone x2  
  50  4:29  Overlord  
  52  4:32  Overlord  
  52  4:49  Extractor  
  52  4:51  Overlord x2  
  51  4:56  Spire, Drone  
  51  4:57  Drone  
  52  5:02  Drone  
  52  5:03  Drone  
  54  5:07  Spine Crawler  
  54  5:09  Spine Crawler  
  52  5:18  Queen x2  
  56  5:29  Spine Crawler  
  55  5:38  Infestation Pit  
  54  5:45  Hatchery  
  49  5:54  Queen  
  51  6:12  Zerg Flyer Weapons Level 1  
  51  6:13  Drone  
  51  6:14  Spire, Drone x6  
  51  6:17  Spore Crawler x2, Hive  
  55  6:31  Drone x5  
  55  6:32  Drone x3  
  63  6:38  Drone x3  
  66  6:46  Drone  
  67  6:52  Drone  
  68  6:55  Overlord  
  68  7:01  Spore Crawler  
  67  7:02  Spore Crawler  
  67  7:04  Spore Crawler  
  67  7:06  Spore Crawler, Drone  
  67  7:07  Drone x2, Queen  
  67  7:08  Spore Crawler  
  68  7:18  Overseer  
  68  7:20  Queen  
  70  7:23  Overlord  
  70  7:24  Overlord x3  
  70  7:26  Drone  
  70  7:27  Drone  
  72  7:40  Overlord x2  
  72  7:41  Greater Spire  
  72  7:52  Corruptor x3  
  72  7:53  Corruptor x2  
  72  7:57  Queen  
  80  8:14  Spine Crawler  
  80  8:15  Spine Crawler x2  
  80  8:16  Spine Crawler x2  
  80  8:17  Spine Crawler  
  74  8:45  Zerg Flyer Weapons Level 2  
  72  8:53  Brood Lord x5  
  82  8:58  Corruptor  
  82  8:59  Corruptor x4  
  92  9:16  Corruptor x2  
  92  9:21  Extractor  
  92  9:23  Extractor  
  89  9:29  Corruptor  
  89  9:30  Corruptor  
  93  9:34  Queen x3  
  99  9:39  Drone x3  
  99  9:40  Drone x3  
  99  9:41  Drone x2  
  99  9:42  Drone x2  
  99  9:43  Drone  
  110  9:47  Overlord  
  110  10:00  Zerg Flyer Armor Level 1  
  109  10:20  Hatchery  
  108  10:33  Overseer  
  108  10:35  Overseer  
  104  10:36  Overlord  
  104  10:37  Overlord x2  
  104  10:46  Extractor  
  104  10:48  Extractor  
  102  10:50  Brood Lord x3  
  102  10:51  Brood Lord  
  110  10:58  Corruptor  
  110  10:59  Corruptor x3  
  114  11:19  Corruptor x3  
  120  11:31  Overlord x3  
  116  11:34  Queen x3  
  122  11:47  Brood Lord  
  122  11:48  Brood Lord x2  
  128  11:58  Corruptor x2  
  131  12:07  Drone  
  131  12:08  Drone x14  
  146  12:15  Zerg Flyer Weapons Level 3  
  146  12:26  Queen  
  148  12:46  Corruptor x5  
  156  12:58  Overlord  
  156  12:59  Overlord  
  156  13:03  Extractor  
  156  13:05  Extractor  
  154  13:08  Drone  
  154  13:09  Drone x8  
  157  13:15  Spine Crawler  
  157  13:19  Corruptor  
  149  13:31  Spine Crawler x2  
  149  13:32  Spine Crawler, Drone x2  
  149  13:33  Spine Crawler, Drone  
  148  13:51  Spore Crawler  
  148  13:52  Spore Crawler  
  148  13:53  Spore Crawler  
  148  13:54  Spore Crawler  
  144  13:55  Drone  
  144  13:56  Drone x8  
  144  13:57  Drone  
  154  14:26  Spine Crawler  
  154  14:28  Spore Crawler, Corruptor  
  154  14:29  Spine Crawler x2, Spore Crawler, Hatchery  
  154  14:31  Spore Crawler  
  149  14:46  Drone x3  
  149  14:47  Queen  
  154  15:03  Corruptor x4  
  160  15:28  Corruptor  
  160  15:29  Corruptor x9  
  160  15:30  Corruptor  
  160  15:32  Corruptor  
  184  15:35  Corruptor  
  184  15:38  Corruptor  
  184  15:41  Brood Lord  
  190  15:43  Brood Lord  
  190  15:46  Brood Lord  
  190  15:49  Corruptor  
  196  15:52  Brood Lord  
  198  16:18  Spine Crawler  
  198  16:20  Zerg Flyer Armor Level 2  
  198  16:25  Spire, Queen  
  197  16:26  Overlord  
  198  16:42  Overlord  
  198  16:56  Zergling x4  
  198  16:57  Zergling x8  
  142  17:15  Brood Lord x7  
  124  17:21  Zergling x2  
  124  17:22  Zergling x22  
  124  17:32  Spine Crawler x2  
  124  17:33  Spine Crawler  
  91  18:34  Hatchery  
  91  18:36  Extractor  
  91  18:37  Spine Crawler x2, Extractor  
Show
View Real Time Build Order
Export as new Build Order

Awesomest Zerg - Winner!

Build Orders: Pool First 

Get SALT Encoding   

  12  0:01  Drone  
  13  0:13  Overlord  
  13  0:16  Drone  
  14  0:35  Spawning Pool  
  14  0:36  Drone  
  14  0:41  Drone  
  15  0:45  Drone  
  16  1:10  Drone  
  17  1:17  Hatchery  
  16  1:23  Queen  
  16  1:25  Drone  
  19  1:44  Overlord  
  19  1:48  Drone x2  
  19  1:49  Extractor  
  20  2:04  Spine Crawler  
  19  2:09  Spine Crawler  
  18  2:16  Drone x2  
  20  2:26  Overlord  
  20  2:28  Queen  
  22  2:32  Drone x4  
  22  2:33  Drone  
  27  2:50  Drone  
  27  2:51  Drone  
  29  2:52  Queen  
  27  3:17  Spine Crawler  
  25  3:29  Spine Crawler  
  25  3:31  Queen  
  26  3:41  Drone x3  
  26  3:42  Drone x3  
  32  4:01  Drone x2  
  34  4:05  Lair  
  34  4:11  Drone, Hatchery  
  34  4:12  Drone  
  34  4:15  Drone x2  
  37  4:24  Overlord  
  37  4:27  Drone x2  
  37  4:28  Drone  
  40  4:43  Drone x2  
  42  4:54  Drone x2  
  42  4:57  Overlord x2  
  44  5:00  Hatchery  
  44  5:03  Drone  
  44  5:12  Spire  
  43  5:20  Extractor  
  42  5:22  Drone x2, Extractor  
  42  5:23  Drone x4  
  42  5:24  Queen  
  49  5:32  Extractor  
  48  6:02  Drone  
  48  6:03  Drone x13  
  62  6:13  Queen  
  64  6:24  Drone x3  
  64  6:25  Drone x3  
  70  6:29  Drone x2  
  70  6:30  Spire  
  70  6:32  Drone  
  72  6:33  Overlord x2  
  72  6:39  Spine Crawler  
  71  6:51  Zerg Flyer Weapons Level 1  
  71  6:57  Spore Crawler  
  70  7:06  Drone x4, Extractor  
  70  7:07  Drone x3, Extractor  
  75  7:17  Infestation Pit  
  75  7:20  Queen  
  76  7:28  Hatchery  
  75  7:41  Drone x3  
  75  7:42  Spine Crawler, Drone x2  
  75  7:43  Spine Crawler  
  78  7:56  Queen x2  
  78  7:57  Queen  
  65  8:25  Corruptor  
  65  8:26  Corruptor x8  
  72  8:30  Overlord x3  
  71  8:39  Spine Crawler x2  
  71  8:40  Spore Crawler  
  43  9:14  Queen  
  43  9:15  Queen  
  45  9:39  Spine Crawler x2  
  45  9:41  Spine Crawler  
  34  9:50  Queen  
  31  9:57  Queen  
  20  10:17  Corruptor  
  20  10:18  Corruptor x6  
  34  10:26  Queen  
  34  10:32  Drone x2  
  8  11:30  Drone x2  
  10  11:55  Drone  
  11  12:08  Drone  
  12  12:17  Drone  
  13  12:25  Drone  
  14  12:38  Drone  
  14  12:41  Drone  
  16  12:46  Drone  
  17  12:54  Drone  
  18  12:58  Drone  
  18  13:04  Drone  
  20  13:15  Drone x2  
  20  13:19  Drone  
  23  13:23  Drone  
  24  13:28  Drone x2  
  26  13:39  Drone x2  
  26  13:40  Drone  
  29  13:41  Drone  
  30  13:53  Spore Crawler  
  30  13:55  Drone x2, Spore Crawler  
  30  14:18  Corruptor x2  
  30  14:23  Drone x4  
  38  14:44  Hatchery  
  37  14:47  Drone x2  
  39  15:05  Drone  
  39  15:06  Drone x2, Extractor  
  41  15:07  Extractor  
Show
View Real Time Build Order
Export as new Build Order

flyrev Terran 

Build Orders: Reaper Expand 

Get SALT Encoding   

  12  0:00  SCV  
  13  0:12  SCV  
  14  0:17  Supply Depot  
  14  0:24  SCV  
  15  0:38  SCV  
  15  0:40  Barracks  
  16  0:45  Refinery  
  16  0:51  SCV  
  17  1:03  SCV  
  18  1:15  SCV  
  19  1:28  Reaper, Orbital Command  
  19  1:32  Supply Depot  
  20  1:54  SCV  
  20  1:56  Command Center  
  20  2:00  Reaper  
  22  2:07  SCV  
  22  2:19  SCV  
  23  2:31  SCV  
  23  2:32  Reaper  
  25  2:43  SCV  
  26  2:46  Refinery  
  26  2:47  Factory  
  26  2:53  Supply Depot  
  26  2:55  SCV  
  27  3:04  Reaper  
  28  3:07  SCV  
  29  3:14  Orbital Command  
  29  3:19  SCV  
  30  3:31  SCV  
  31  3:35  Orbital Command  
  32  3:43  SCV  
  31  3:49  Supply Depot  
  31  3:51  Factory Tech Lab  
  31  3:52  Barracks, Marine  
  31  3:53  Armory, Barracks  
  32  3:55  SCV  
  32  4:00  SCV  
  34  4:08  SCV  
  35  4:10  Cyclone  
  35  4:13  SCV  
  39  4:20  SCV  
  40  4:25  SCV  
  41  4:32  SCV  
  41  4:37  SCV  
  41  4:38  Barracks Reactor  
  43  4:40  Barracks Tech Lab  
  43  4:42  Barracks Reactor  
  43  4:44  SCV  
  44  4:49  SCV  
  45  4:56  SCV  
  46  5:00  Refinery  
  46  5:01  Refinery, SCV, Marine  
  46  5:02  Hellion  
  50  5:08  SCV  
  50  5:09  Stimpack, Command Center  
  50  5:13  SCV  
  52  5:16  Marine x2  
  52  5:20  SCV  
  55  5:24  Starport  
  55  5:25  SCV  
  55  5:28  Barracks  
  56  5:29  Barracks  
  56  5:30  Marine x2  
  56  5:31  Marine  
  56  5:32  Hellion, SCV  
  62  5:41  Supply Depot  
  62  5:56  Supply Depot  
  62  6:02  Marine x4  
  62  6:03  Siege Tank, SCV  
  70  6:05  Starport Reactor  
  70  6:07  Supply Depot  
  70  6:11  Mag-Field Accelerator  
  70  6:17  SCV x2, Marine  
  73  6:19  Supply Depot  
  73  6:22  Orbital Command  
  73  6:23  Supply Depot  
  73  6:27  Barracks Reactor x2  
  73  6:28  Marine x4  
  73  6:30  SCV x2  
  79  6:35  Engineering Bay, Marine  
  80  6:41  Siege Tank  
  80  6:42  Medivac, SCV x2  
  80  6:43  Medivac  
  80  6:45  Marine  
  80  6:46  Marine  
  91  6:51  Supply Depot  
  91  6:54  SCV x2  
  93  6:55  SCV  
  94  7:06  SCV  
  95  7:09  Missile Turret  
  95  7:10  Missile Turret, SCV  
  95  7:11  SCV  
  95  7:12  Viking  
  95  7:13  Missile Turret  
  95  7:14  Marine  
  100  7:15  Marine  
  100  7:16  Marine  
  100  7:17  Marine  
  100  7:18  SCV, Marine  
  106  7:22  SCV  
  106  7:23  Siege Tank, SCV  
  106  7:27  Marine  
  106  7:29  Marine x3  
  114  7:30  SCV  
  115  7:40  Marine x4  
  115  7:42  Combat Shield  
  118  7:52  Marine  
  118  7:53  Marine x4  
  118  7:56  Siege Tank  
  125  8:07  Marine  
  125  8:31  Supply Depot  
  125  8:36  Marine  
  125  8:39  Marine x2  
  125  8:40  Supply Depot  
  125  8:42  Supply Depot, Marine  
  125  8:44  Marine x2  
  125  8:45  Marine  
  125  8:47  Marine  
  125  8:48  Marine  
  125  8:51  Medivac  
  125  8:53  Medivac, Siege Tank  
  125  8:54  Marine  
  124  8:57  Marine x2  
  124  9:00  Marine  
  124  9:02  Marine x2  
  122  9:03  Marine  
  122  9:05  Marine  
  122  9:06  Marine  
  126  9:12  Marine  
  126  9:14  Marine  
  126  9:15  Marine  
  129  9:17  Marine  
  129  9:19  Marine  
  129  9:20  Marine  
  129  9:21  Medivac, Marine  
  129  9:22  Medivac  
  129  9:23  Marine  
  137  9:24  Marine  
  137  9:25  Siege Tank  
  137  9:30  Marine  
  134  9:32  Marine x2  
  134  9:35  Marine  
  134  9:37  Marine  
  134  9:38  Marine  
  138  9:39  Marine  
  138  9:41  Marine  
  138  9:42  Marine  
  133  9:51  Viking  
  131  9:52  Viking  
  131  9:57  Thor  
  120  10:18  Marine x3  
  120  10:20  Marine  
  120  10:21  Marine x2  
  118  10:24  Marine  
  118  10:25  Marine  
  118  10:26  Marine  
  117  10:36  Marine  
  118  10:42  Viking  
  118  10:43  Supply Depot  
  118  10:44  Command Center  
  118  10:47  Terran Vehicle And Ship Armor Level 1  
  118  10:49  Supply Depot  
  118  10:53  Supply Depot  
  118  11:05  SCV, Marine x7  
  118  11:07  Marine  
  118  11:08  Marine  
  118  11:10  Viking  
  128  11:12  Viking  
  128  11:21  Cyclone  
  128  11:23  Marine x7  
  129  11:25  Marine x2  
  97  11:40  Marine x6  
  96  11:49  Refinery x2, Viking x2  
  96  11:54  SCV x2, Cyclone  
  101  11:59  Orbital Command  
  103  12:05  Marine x4  
  103  12:08  Terran Infantry Weapons Level 1  
  107  12:26  Cyclone  
  107  12:28  Marine x9  
  119  12:41  Liberator x2  
  125  12:46  Marine x9  
  129  13:04  Cyclone, Marine x2  
  126  13:14  Marine x7  
  127  13:21  Marine  
  127  13:22  Marine  
  127  13:24  Liberator x2  
  133  13:29  Starport, Terran Vehicle And Ship Armor Level 2  
  133  13:32  Marine x7  
  140  13:36  Cyclone  
  140  13:39  Marine x2  
  145  13:50  Marine x4  
  145  13:51  Marine  
  145  13:52  Marine x2  
  145  13:55  Engineering Bay  
  152  13:57  Marine x2  
  154  14:07  Liberator, Starport Reactor  
  157  14:13  Supply Depot  
  157  14:14  Viking, Marine x4  
  163  14:22  Terran Infantry Weapons Level 2, Terran Infantry Armor Level 1  
  163  14:27  Supply Depot  
  163  14:29  Marine x2  
  163  14:30  Marine x3  
  168  14:32  Marine  
  169  14:42  Marine  
  169  14:43  Marine  
  169  14:44  Viking, Command Center, Cyclone  
  176  14:46  Marine  
  176  14:47  Refinery x2, Marine x2  
  179  14:53  Supply Depot  
  179  14:57  Supply Depot  
  179  15:14  Medivac x2  
  183  15:24  Medivac x2  
  183  15:26  Marine x9  
  162  15:44  Medivac x2, Marine x3  
  159  15:50  Marine x3  
  159  15:51  Marine x3  
  159  15:54  Medivac x2  
  169  16:02  Marine x3  
  172  16:07  Planetary Fortress  
  172  16:08  Marine x3  
  175  16:14  Medivac x2  
  179  16:24  Medivac x2  
  183  16:40  Marine x9  
  192  16:51  Command Center  
  188  16:57  Marine  
  188  16:58  Marine x6  
  158  17:22  Medivac x2  
  160  17:23  Medivac  
Show
View Real Time Build Order
Export as new Build Order

ForeverNoob Zerg 

Build Orders: Pool First, Swarm Host 

Get SALT Encoding   

  12  0:00  Drone  
  13  0:14  Drone  
  14  0:26  Overlord  
  14  0:43  Overlord  
  14  0:47  Drone  
  14  0:48  Drone  
  16  0:54  Spawning Pool  
  15  1:17  Hatchery  
  14  1:20  Drone  
  14  1:24  Extractor  
  14  1:26  Drone  
  14  1:32  Drone  
  16  1:41  Zergling x2  
  16  1:43  Zergling x2  
  18  1:51  Queen  
  20  2:01  Drone  
  21  2:03  Drone  
  22  2:14  Drone  
  23  2:28  Drone  
  24  2:31  Drone  
  24  2:35  Queen  
  27  2:37  Zergling x2  
  27  2:42  Metabolic Boost  
  28  2:44  Drone  
  28  2:48  Drone  
  30  2:59  Drone  
  30  3:03  Drone  
  30  3:05  Zergling x2  
  33  3:10  Overlord, Hatchery  
  32  3:16  Overlord  
  32  3:20  Drone  
  33  3:28  Zergling x2  
  33  3:29  Zergling x6  
  35  3:35  Zergling x2  
  35  3:36  Zergling x2, Drone  
  38  3:42  Drone  
  38  3:43  Drone  
  40  3:51  Drone  
  40  3:54  Lair  
  40  3:55  Drone  
  42  4:04  Queen  
  42  4:05  Drone x2  
  46  4:13  Drone x4  
  46  4:16  Zergling x2  
  51  4:23  Overlord  
  51  4:25  Drone x3  
  51  4:28  Overlord  
  54  4:33  Evolution Chamber  
  54  4:37  Extractor  
  52  4:44  Drone x4  
  52  4:45  Drone  
  57  5:01  Drone  
  57  5:02  Infestation Pit  
  57  5:09  Drone  
  57  5:10  Overlord x4  
  57  5:11  Overlord x2  
  58  5:19  Extractor  
  57  5:21  Extractor  
  57  5:28  Drone, Zerg Missile Weapons Level 1  
  56  5:29  Drone x6  
  56  5:30  Overlord, Drone  
  64  5:35  Extractor  
  64  5:36  Extractor  
  64  5:39  Pathogen Glands  
  61  5:45  Zergling x2  
  61  5:46  Zergling x6  
  63  5:56  Swarm Host  
  62  5:58  Zergling x6  
  62  5:59  Zergling x2  
  68  6:06  Zergling x4  
  68  6:07  Zergling x2  
  68  6:24  Swarm Host x2  
  68  6:25  Swarm Host  
  77  6:26  Zergling x8  
  81  6:35  Swarm Host  
  81  6:36  Swarm Host  
  81  6:37  Zergling x8  
  81  6:39  Overseer  
  91  6:46  Drone x2  
  91  6:47  Drone  
  94  6:49  Drone x3  
  94  6:53  Zergling x2, Hive  
  94  6:54  Zergling x2  
  91  7:10  Zergling x6  
  91  7:11  Zergling x6  
  97  7:27  Zergling x14  
  103  7:36  Swarm Host  
  103  7:37  Swarm Host  
  98  7:39  Overlord x2  
  98  7:40  Overlord x5  
  98  7:41  Zerg Missile Weapons Level 2  
  94  8:02  Zergling x16  
  94  8:03  Zergling x4  
  99  8:15  Infestor  
  99  8:16  Zergling x16  
  108  8:49  Swarm Host x5  
  108  8:50  Zergling x2  
  108  8:51  Zergling x14  
  127  8:55  Zergling x2  
  127  8:56  Zergling x6  
  127  8:59  Hatchery  
  127  9:01  Spire, Swarm Host x3  
  137  9:05  Zergling x2  
  137  9:08  Drone  
  138  9:14  Drone x2  
  139  9:32  Viper x4  
  139  9:33  Zergling x2  
  139  9:34  Zergling x8  
  146  9:47  Swarm Host x5  
  161  9:54  Overlord x3  
  161  10:13  Mutalisk x3  
  167  10:15  Zergling x6  
  149  10:36  Mutalisk  
  149  10:37  Mutalisk x2  
  149  10:38  Zergling x2  
  149  10:39  Zergling x10  
  161  10:47  Zergling x6  
  146  11:17  Overseer x3  
  146  11:18  Overseer x2  
  133  11:21  Drone x9  
  133  11:22  Drone x3  
  133  11:24  Zerg Flyer Weapons Level 1  
  140  11:25  Zerg Missile Weapons Level 3  
  140  11:29  Neural Parasite  
  135  11:44  Mutalisk  
  135  11:45  Mutalisk  
  135  11:46  Zergling x2  
  135  11:47  Zergling x10  
  127  11:56  Mutalisk x2  
  127  11:57  Zergling x4  
  127  11:58  Zergling x4  
  127  12:01  Overseer  
  126  12:17  Drone x4  
  126  12:18  Drone x6, Zergling x2  
  137  12:24  Extractor  
  120  12:45  Corruptor x4  
  120  12:46  Zergling x6  
  120  12:47  Zergling x8  
  120  12:48  Zergling x8  
  126  12:57  Mutalisk x3  
  131  12:58  Zergling x6  
  131  12:59  Zergling x6  
  130  13:08  Drone x3  
  120  13:14  Drone  
  100  13:29  Drone x6  
  100  13:30  Drone  
  100  13:34  Overlord  
  104  13:37  Drone  
  99  13:50  Drone x3  
  99  13:53  Drone x2  
  86  14:09  Drone  
  88  14:10  Drone x4  
  78  14:23  Drone x4  
  82  14:32  Drone x2  
  84  14:41  Zergling x4  
  86  15:12  Hatchery  
Tags
 
Add a new tag
Caveats
  • Supply blocks, unpowered buildings, or Contaminate may cause inaccurate times.
  • Supply counts are checked every 10 seconds.